 Dungeon Crawl Stone Soup version 0.27.0-1-g7a089689b8 (webtiles) character file.

Game seed: 10804031705560353495

30 mg7810 the Skirmisher (level 3, 0/31 HPs)
             Began as a Draconian Monk on Aug 12, 2021.
             Slain by Terence (8 damage)
             ... on level 2 of the Dungeon.
             The game lasted 00:08:47 (1499 turns).

mg7810 the Skirmisher (Draconian Monk)              Turns: 1499, Time: 00:08:48

Health: 0/31       AC:  5    Str: 14    XL:     3   Next: 3%
Magic:  1/4        EV: 13    Int: 10    God:
Gold:   44         SH:  0    Dex: 13    Spells: 2/3 levels left

rFire    . . .     SeeInvis .     - Unarmed
rCold    . . .     Faith    .   (no shield)
rNeg     . . .     Spirit   .   (armour unavailable)
rPois    .         Reflect  .   (helmet restricted)
rElec    .         Harm     .   (no cloak)
rCorr    .         Rampage  .   (no gloves)
Will     .....                  (no boots)
Stlth    ++........             (no amulet)
HPRegen  0.10/turn              (no ring)
MPRegen  0.09/turn              (no ring)

@: very slightly contaminated
A: AC +5, unfitting armour, cold-blooded
a: no special abilities


You were on level 2 of the Dungeon.
You visited 1 branch of the dungeon, and saw 2 of its levels.

You collected 44 gold pieces.

Inventory:

Scrolls
 a - 2 scrolls of immolation {unknown}
 e - a scroll of blinking {unknown}
 f - a scroll of brand weapon {unknown}
Potions
 b - a potion of invisibility {unknown}
 c - a potion of curing
 d - a potion of heal wounds {unknown}


   Skills:
 + Level 3.5 Fighting
 + Level 3.1 Dodging
 + Level 1.8 Stealth
 + Level 3.3 Unarmed Combat
 * Level 0.8 Spellcasting


You had 2 spell levels left.
You knew the following spells:

 Your Spells              Type           Power      Damage    Failure   Level
a - Foxfire               Conj/Fire      0%         2x1d4     34%         1

Your spell library contained the following spells:

 Spells                   Type           Power      Damage    Failure   Level
 Conjure Flame            Conj/Fire      0%         6-21      71%         3
 Inner Flame              Hex/Fire       0%         N/A       71%         3
 Fulminant Prism          Conj/Hex       0%         3d6       98%         4


Dungeon Overview and Level Annotations

Branches:
Dungeon (2/15)

Altars:

Annotations:
D:2 Terence


Innate Abilities, Weirdness & Mutations

Your plain brown scales are hard. (AC +5)
You cannot fit into any form of body armour.
You are cold-blooded and may be slowed by cold attacks.


Message History

Confirm with . or Enter, or press ? or * to list all spells.
You miscast Foxfire.
You are very lightly contaminated with residual magic.
Nothing appears to happen.
Terence barely misses you. The jackal barely misses you.
The jackal bites you but does no damage.
The jackal bites you but does no damage.
The jackal misses you.
Casting: Foxfire (safe; 34% risk of failure)
Confirm with . or Enter, or press ? or * to list all spells.
You miscast Foxfire.
Nothing appears to happen.
The jackal closely misses you.
The jackal bites you but does no damage.
You hit the jackal.
The jackal is severely wounded.
The jackal closely misses you. x2
You closely miss the jackal.
The jackal is severely wounded.
The jackal closely misses you.
Terence shouts, "Get ready for death!"
You hit the jackal.
You kill the jackal!
You closely miss Terence.
Terence is moderately wounded.
Terence barely misses you.
You hit Terence but do no damage.
Terence is moderately wounded.
Casting: Foxfire (safe; 34% risk of failure)
Confirm with . or Enter, or press ? or * to list all spells.
You conjure some foxfire!
Terence misses you.
The foxfire hits Terence but does no damage.
Terence is moderately wounded.
The foxfire hits Terence but does no damage.
Terence is moderately wounded.
Your magical contamination has completely faded away.
Casting: Foxfire (safe; 34% risk of failure)
Confirm with . or Enter, or press ? or * to list all spells.
You miscast Foxfire.
You are very lightly contaminated with residual magic.
Nothing appears to happen.
Terence hits you with a +0 flail!
You die...

####................(..#.##
#.........#####.#####.....
#.....###.# #.# #.##.##
#.....#
#.#####.#####.##..##
#....<#
#>.................#
#(....#
#############.#.....
#.....# #<##.........#.#.##
####### #.##.#########.#...
#######.@@..)...#......#.
.......<##.#....#.##.#.#.
##########†#.#..#.##.#.#
#.......##.#.####.#..#.#
#..........#......#.##.#
#.#...#.###########....##
#.#.....#.............#..
#.#####.###.#######........
#...>.......# #.###.#.#


You could see Terence.

Vanquished Creatures
  A worm (D:2)
  4 bats (D:1)
  3 endoplasms
  4 giant cockroaches
  2 goblins (D:1)
  A hobgoblin (D:2)
  A jackal (D:2)
  A kobold (D:1)
  A ball python (D:2)
  2 frilled lizards (D:1)
  3 rats
23 creatures vanquished.

Vanquished Creatures (others)
  12 foxfires (D:2)
  8 plants (D:2)
  6 withered plants (D:2)
26 creatures vanquished.

Grand Total: 49 creatures vanquished

Notes
Turn   | Place    | Note
-------+----------+-------------------------------------------
     0 | D:1      | mg7810 the Draconian Monk began the quest for the Orb.
     0 | D:1      | Reached XP level 1. HP: 19/19 MP: 1/1
   212 | D:1      | Reached XP level 2. HP: 21/26 MP: 2/2
  1051 | D:2      | Got the Catalogue of the Bard
  1080 | D:2      | Learned a level 1 spell: Foxfire
  1451 | D:2      | Noticed Terence
  1466 | D:2      | Reached XP level 3. HP: 30/31 MP: 4/4
  1499 | D:2      | Slain by Terence

Illustrated notes

Levels and vault maps discovered:
D:1:      tarquinn_simple_flora_water_d, layout_basic
D:2:      layout_basic, shapermc_ecumenical_altar_flowoftime,
          minmay_fractal_squares_gapless_5, uniq_terence, uniq_jessica

Skill      XL: |  1 |
---------------+----+-----
Dodging        | 3 |  3.1
Fighting       | |  3.5
Stealth        | |  1.8
Unarmed Combat | |  3.3
Spellcasting   | |  0.8

Action                   || total
-------------------------++-------
Melee: Unarmed           ||    95
       Tailslap          ||    16
 Cast: Foxfire           ||     6
  Use: Potion            ||     1
Armor: Skin              ||    43
Dodge: Dodged            ||    91
